 Dungeon Crawl Stone Soup version 0.29-a0-333-gb4c28e87c6 (webtiles) character file.

Game seed: 3264628493795998159

190 Jortsu the Shield-Bearer (level 5, 0/41 HPs)
             Began as a Demonspawn Fighter on Apr 13, 2022.
             Succumbed to an orc's poison
             ... on level 3 of the Dungeon.
             The game lasted 00:03:22 (2476 turns).

Jortsu the Shield-Bearer (Demonspawn Fighter)       Turns: 2476, Time: 00:03:23

Health: 0/41       AC: 13    Str: 19    XL:     5   Next: 41%
Magic:  5/5        EV:  9    Int:  9    God:
Gold:   60         SH:  4    Dex: 12    Spells: 4/4 levels left

rFire   x . .      SeeInvis .   a - +0 war axe
rCold   + + .      Faith    .   c - +0 buckler
rNeg    . . .      Spirit   .   l - +1 ice dragon scales
rPois   .          Reflect  .   (no helmet)
rElec   .          Harm     .   (no cloak)
rCorr   .          Rampage  .   r - +0 pair of gloves
Will    .....                   (no boots)
Stlth   ..........              (no amulet)
HPRegen 0.13/turn               (no ring)
MPRegen 0.09/turn               (no ring)

@: lethally poisoned (0 -> -17)
A: sharp scales 1, condensation shield
a: no special abilities


You were on level 3 of the Dungeon.
You visited 1 branch of the dungeon, and saw 3 of its levels.

You collected 60 gold pieces.

Inventory:

Hand Weapons
 a - a +0 war axe (weapon)
 n - the +6 longbow of the Hierophant {speed, *Corrode rF+ Dex+2}
   (You found it on level 3 of the Dungeon)

   Attacks with this weapon are significantly faster.
   Dex:       It affects your dexterity (+2).
   rF:        It protects you from fire.
   *Corrode:  It may corrode you when you take damage.
Armour
 c - a +0 buckler (worn)
 l - +1 ice dragon scales (worn)
 r - a +0 pair of gloves (worn)
Jewellery
 g - a ring of ice
Scrolls
 j - a scroll of teleportation
 m - 2 scrolls of immolation
 t - 2 scrolls of fear
Potions
 b - a potion of mutation {unknown}
 d - a potion of might
 e - 3 potions of heal wounds {unknown}
 f - a potion of lignification {unknown}
 h - a potion of flight {unknown}
 i - a potion of invisibility {unknown}
 k - a potion of haste {unknown}
 o - a potion of attraction {unknown}
 p - a potion of brilliance {unknown}
 u - a potion of curing {unknown}


   Skills:
 + Level 3.5 Fighting
 + Level 3.3 Axes
 + Level 3.3 Armour
 + Level 0.8 Dodging
 + Level 3.7 Shields


You had 4 spell levels left.
You didn't know any spells.
Your spell library was empty.

Dungeon Overview and Level Annotations

Branches:
Dungeon (3/15)

Altars:


Innate Abilities, Weirdness & Mutations

You are partially covered in razor-sharp scales. (AC +1, Slay +1)
A meltable shield of frost defends you. (SH +0)


Message History

A puff of flame appears from out of thin air!
The puff of flame hits you but does no damage.
Your condensation shield dissipates!
You barely miss something.
Something hits you but does no damage. x2
You hit something. You block something's attack.
A kobold comes into view. It is wielding a +0 whip.
You miss something.
You hear some strange, mumbled words.
A magic dart appears from out of thin air!
The magic dart hits you but does no damage.
You miss something.
You hear some strange, mumbled words.
A puff of flame appears from out of thin air!
The puff of flame hits you but does no damage.
Something hits you but does no damage.
You hit something but do no damage. Something hits you but does no damage.
You hit something.
Reactivating autopickup.
You feel a bit more experienced.
You closely miss the orc. You block the orc's attack.
The orc hits you but does no damage.
You are poisoned.
You hit the orc but do no damage.
You feel very sick. You block the orc's attack.
You hit the orc but do no damage.
You feel sick.
The orc hits you with a +2 dagger of venom.
* * * LOW HITPOINT WARNING * * *
You completely miss the orc.
You feel sick. You block the orc's attack. The orc hits you but does no damage.
You are lethally poisoned!
You hit the orc.
The orc is severely wounded.
* * * LOW HITPOINT WARNING * * *
You feel very sick. The orc hits you but does no damage.
You are more poisoned.
You hit the orc.
You kill the orc!
You die...

#.........†...##.......#.
#############.##.#...#.##
#.........##.##...
#.####<##........#
#.#....#.........#
#.#.......#.######
#.#.##.##.#.......
#.#..#############
#@#.##..... #)#.#......
#K#...g.<.. #....8.o...
...........{....
####........8.8.
#..###....... #.. .8.....
#.. ....>..


You could see a kobold.

Vanquished Creatures
  Pargi (D:3)
  An orc wizard (D:3)
  2 adders (D:2)
  3 orcs (D:3)
  6 bats
  9 endoplasms
  5 goblins
  5 hobgoblins
  4 quokkas
  5 ball pythons
  6 kobolds
  3 rats (D:2)
50 creatures vanquished.

Notes
Turn   | Place    | Note
-------+----------+-------------------------------------------
     0 | D:1      | Jortsu the Demonspawn Fighter began the quest for the Orb.
     0 | D:1      | Reached XP level 1. HP: 18/18 MP: 1/1
   417 | D:1      | Gained mutation: You are partially covered in razor-sharp
                  | scales. (AC +1, Slay +1) [demonic ancestry]
   417 | D:1      | Reached XP level 2. HP: 22/24 MP: 2/2
  1127 | D:2      | Reached XP level 3. HP: 23/29 MP: 3/3
  1938 | D:3      | Identified the +6 longbow of the Hierophant {speed,
                  | *Corrode rF+ Dex+2}
  1960 | D:3      | Noticed Pargi
  2003 | D:3      | Killed Pargi
  2004 | D:3      | Reached XP level 4. HP: 8/35 MP: 4/4
  2004 | D:3      | Gained mutation: A meltable shield of frost defends you.
                  | (SH +0) [demonic ancestry]
  2004 | D:3      | Reached XP level 5. HP: 9/41 MP: 5/5
  2476 | D:3      | Succumbed to an orc's poison

Illustrated notes

Levels and vault maps discovered:
D:1:      dpeg_arrival_radiant, layout_basic
D:2:      layout_loops_ring, minivault_23, serial_park_tiny_1,
          hangedman_decor_growths
D:3:      layout_basic, hellmonk_ecumenical_altar_leap_of_faith,
          grunt_ministairs_10, hangedman_decor_clover_reticule, uniq_pargi

Skill      XL: |  1  2  3 |
---------------+----------+-----
Shields        | 3 |  3.7
Axes           | 2 3 |  3.3
Armour         | 3 |  3.3
Fighting       | |  3.5
Dodging        | |  0.8

Action                   |  1- 3 |  4- 6 || total
-------------------------+-------+-------++-------
Melee: War axe           |   135 |    51 ||   186
  Use: Scroll            |     7 |       ||     7
Armor: Scale mail        |    23 |       ||    23
       Ice dragon scales |   110 |    31 ||   141
Dodge: Dodged            |    85 |    18 ||   103
Block: Buckler           |    55 |    20 ||    75

Table legend: (Time is in decaauts)
 A = Elapsed time spent in this place.
 B = Non-inter-level travel time spent in this place.
 C = Inter-level travel time spent in this place.
 D = Time resting spent in this place.
 E = Time spent auto-exploring this place.
 F = Levels seen in this place.
 G = Mean time per level.
                   A        B        C        D        E       F      G
               +--------+--------+--------+--------+--------+-----+--------+
         Total |   2550 |   2492 |     58 |    242 |   1646 |   3 |  850.0 |
       Dungeon |   2550 |   2492 |     58 |    242 |   1646 |   3 |  850.0 |
               +--------+--------+--------+--------+--------+-----+--------+

Top non-repeatable levels by time:
     D:1: 1103 daAuts
     D:2: 863 daAuts
     D:3: 583 daAuts
